[Event "Czech Open-E Teams 2022"]
[Site "Pardubice"]
[Date "2022.07.14"]
[Round "1.1"]
[White "Mrazik, Tomas"]
[Black "Vykouk, Jan"]
[Result "0-1"]
[ECO "B31"]
[WhiteElo "2055"]
[BlackElo "2476"]
[Annotator "ChessBase"]
[PlyCount "74"]
[EventDate "2022.07.14"]
[EventType "team-tourn"]
[EventCountry "CZE"]
[SourceTitle "playchess.com"]
[Source "ChessBase"]
[SourceQuality "1"]
[TimeControl "5400+30"]

1. e4 c5 2. Nf3 Nc6 3. Bb5 g6 4. O-O Bg7 5. Re1 e5 6. b4 cxb4 7. a3 Nge7 8. axb4 O-O 9. Bxc6 dxc6 10. Bb2 Qd6 11. Qe2 Bg4 12. Bc3 a6 13. h3 Bxf3 14. Qxf3 f5 15. d3 c5 16. bxc5 Qxc5 17. Qe3 Qxe3 18. Rxe3 Rfc8 19. Ra2 Nc6 20. exf5 gxf5 21. Nd2 b5 22. Nf3 Re8 23. Re1 b4 24. Bb2 b3 25. cxb3 Nb4 26. Ra5 Nxd3 27. Re2 Nxb2 28. Rxb2 e4 29. Rba2 exf3 30. gxf3 Re6 31. Rxf5 Rb8 32. Rfa5 Rbb6 33. Kf1 Bc3 34. Rg5+ Kf7 35. Rc5 Re1+ 36. Kg2 Rg6+ 37. Kh2 Be5+ 0-1

[Event "Czech Open-E Teams 2022"]
[Site "Pardubice"]
[Date "2022.07.14"]
[Round "1.2"]
[White "Simacek, Pavel"]
[Black "Zezula, Jakub"]
[Result "1-0"]
[ECO "E38"]
[WhiteElo "2458"]
[BlackElo "1831"]
[Annotator "ChessBase"]
[PlyCount "71"]
[EventDate "2022.07.14"]
[EventType "team-tourn"]
[EventCountry "CZE"]
[SourceTitle "playchess.com"]
[Source "ChessBase"]
[SourceQuality "1"]
[TimeControl "5400+30"]

1. d4 Nf6 2. c4 e6 3. Nc3 Bb4 4. Qc2 c5 5. dxc5 Nc6 6. Nf3 Qa5 7. Bd2 Qxc5 8. e3 d5 9. a3 Bxc3 10. Bxc3 dxc4 11. Bxf6 gxf6 12. b4 Qh5 13. Qxc4 O-O 14. g4 Qd5 15. Qxd5 exd5 16. Rg1 Be6 17. g5 Kg7 18. Bd3 Ne5 19. gxf6+ Kxf6 20. Nxe5 Kxe5 21. Rg5+ Kf6 22. Rh5 Rg8 23. Rh6+ Ke7 24. Rc1 Rac8 25. Rxc8 Bxc8 26. Rxh7 Rg1+ 27. Kd2 Rg2 28. Rh8 Be6 29. Ke2 Kd6 30. Kf1 Rg5 31. f4 Rg7 32. Kf2 b6 33. h4 Bh3 34. h5 Rg2+ 35. Kf3 Rd2 36. h6 1-0

[Event "Czech Open-E Teams 2022"]
[Site "Pardubice"]
[Date "2022.07.14"]
[Round "1.3"]
[White "Vojtech, Ladislav"]
[Black "Vlasak, Lukas"]
[Result "0-1"]
[ECO "A05"]
[WhiteElo "2015"]
[BlackElo "2442"]
[Annotator "ChessBase"]
[PlyCount "68"]
[EventDate "2022.07.14"]
[EventType "team-tourn"]
[EventCountry "CZE"]
[SourceTitle "playchess.com"]
[Source "ChessBase"]
[SourceQuality "1"]
[TimeControl "5400+30"]

1. Nf3 Nf6 2. g3 d5 3. Bg2 c6 4. O-O Bf5 5. d3 Nbd7 6. Nbd2 e6 7. b3 h6 8. Bb2 Bh7 9. Re1 Be7 10. Ne5 O-O 11. e4 Qa5 12. a3 Rad8 13. Nxd7 Rxd7 14. e5 Ne8 15. Nf3 c5 16. h4 Nc7 17. Bh3 Qb6 18. Qe2 a5 19. Bc1 a4 20. Nh2 axb3 21. Rb1 Qa6 22. Rxb3 c4 23. dxc4 dxc4 24. Rc3 Nd5 25. Rxc4 Nb6 26. Re4 Bxe4 27. Qxe4 Qc4 28. Qf3 Qxc2 29. Bf1 Rfd8 30. Bxh6 gxh6 31. Re4 h5 32. Ng4 hxg4 33. Qxg4+ Kf8 34. h5 Rd1 0-1

[Event "Czech Open-E Teams 2022"]
[Site "Pardubice"]
[Date "2022.07.14"]
[Round "1.4"]
[White "Kraus, Tomas"]
[Black "Nedoma, Michal"]
[Result "1-0"]
[ECO "A30"]
[WhiteElo "2488"]
[BlackElo "1784"]
[Annotator "ChessBase"]
[PlyCount "43"]
[EventDate "2022.07.14"]
[EventType "team-tourn"]
[EventCountry "CZE"]
[SourceTitle "playchess.com"]
[Source "ChessBase"]
[SourceQuality "1"]
[TimeControl "5400+30"]

1. c4 c5 2. Nf3 g6 3. e3 Bg7 4. d4 cxd4 5. exd4 d6 6. Nc3 Nf6 7. h3 O-O 8. d5 Bd7 9. Be2 Na6 10. O-O Rb8 11. Be3 b6 12. Nd4 Qc8 13. Rc1 Rb7 14. c5 Nxc5 15. b4 Rc7 16. bxc5 bxc5 17. Nb3 Re8 18. Re1 e6 19. Nb5 Bxb5 20. Bxb5 Ree7 21. dxe6 Rxe6 22. Bc4 1-0

[Event "Czech Open-E Teams 2022"]
[Site "Pardubice"]
[Date "2022.07.14"]
[Round "1.5"]
[White "Polak, Tomas"]
[Black "Husarik, Branko"]
[Result "1/2-1/2"]
[ECO "A40"]
[WhiteElo "2512"]
[BlackElo "2109"]
[Annotator "ChessBase"]
[PlyCount "85"]
[EventDate "2022.07.14"]
[EventType "team-tourn"]
[EventCountry "CZE"]
[SourceTitle "playchess.com"]
[Source "ChessBase"]
[SourceQuality "1"]
[TimeControl "5400+30"]

1. d4 e5 2. dxe5 d6 3. Nf3 Nc6 4. Bg5 Qd7 5. exd6 Bxd6 6. e3 f6 7. Bh4 Qf7 8. Nbd2 Bg4 9. Bg3 O-O-O 10. Bc4 Qh5 11. Bxd6 Rxd6 12. Qe2 Ne5 13. O-O-O Nxc4 14. Nxc4 Ra6 15. Kb1 Ne7 16. a3 Nc6 17. h3 Be6 18. Ncd2 Qf7 19. Ne4 Bc4 20. Qe1 Rb6 21. Qc3 Re8 22. Ng3 Ne7 23. Rd4 Rc6 24. Qd2 Qf8 25. Rd1 Bg8 26. Rd3 Rb6 27. e4 Nc6 28. Qc3 Qf7 29. b3 a5 30. Rd7 Qf8 31. Kb2 a4 32. b4 Be6 33. R7d3 Na5 34. Nd4 Bg8 35. Kc1 Nc4 36. f3 g6 37. Nf1 Ne5 38. R3d2 Qf7 39. Qa1 Nc4 40. Rd3 Ne5 41. R3d2 Nc4 42. Rd3 Ne5 43. R3d2 1/2-1/2

[Event "Czech Open-E Teams 2022"]
[Site "Pardubice"]
[Date "2022.07.14"]
[Round "1.6"]
[White "Valtr, Tomas"]
[Black "Roubalik, Jakub"]
[Result "0-1"]
[ECO "A48"]
[WhiteElo "1883"]
[BlackElo "2380"]
[Annotator "ChessBase"]
[PlyCount "66"]
[EventDate "2022.07.14"]
[EventType "team-tourn"]
[EventCountry "CZE"]
[SourceTitle "playchess.com"]
[Source "ChessBase"]
[SourceQuality "1"]
[TimeControl "5400+30"]

1. d4 Nf6 2. Nf3 g6 3. e3 Bg7 4. Be2 O-O 5. O-O d6 6. b3 Nbd7 7. Bb2 Re8 8. c4 e5 9. Nc3 c6 10. dxe5 dxe5 11. e4 Qc7 12. Qc2 Nc5 13. Rad1 Bg4 14. h3 Bxf3 15. Bxf3 Ne6 16. Ne2 Bf8 17. Qc3 Ng5 18. Qe3 Ne6 19. Qc3 Nc5 20. Qc2 a5 21. Ba3 h5 22. Bxc5 Bxc5 23. Nc3 Nh7 24. Na4 Bd4 25. c5 Ng5 26. Be2 Qe7 27. Bc4 Kg7 28. Kh1 Rad8 29. Qc1 Nxe4 30. f4 Ng3+ 31. Kh2 Nxf1+ 32. Rxf1 exf4 33. Kh1 Be3 0-1

[Event "Czech Open-E Teams 2022"]
[Site "Pardubice"]
[Date "2022.07.14"]
[Round "1.7"]
[White "Nemec, Jachym"]
[Black "Sedlak, Milan"]
[Result "1-0"]
[ECO "E91"]
[WhiteElo "2357"]
[BlackElo "1803"]
[Annotator "ChessBase"]
[PlyCount "87"]
[EventDate "2022.07.14"]
[EventType "team-tourn"]
[EventCountry "CZE"]
[SourceTitle "playchess.com"]
[Source "ChessBase"]
[SourceQuality "1"]
[TimeControl "5400+30"]

1. d4 g6 2. c4 Nf6 3. Nc3 Bg7 4. Nf3 d6 5. e4 O-O 6. Be2 Na6 7. O-O e5 8. Be3 Ng4 9. Bg5 Qe8 10. dxe5 h6 11. Bc1 dxe5 12. h3 Nf6 13. Be3 c6 14. Qc2 Qe7 15. a3 Ne8 16. b4 f5 17. c5 Nac7 18. Rad1 f4 19. Bc1 Be6 20. Bb2 g5 21. Nb1 Bf7 22. Nbd2 h5 23. Nc4 Bxc4 24. Qxc4+ Kh7 25. Nh2 Nf6 26. Rd6 Rae8 27. Nf3 Ng8 28. Rfd1 g4 29. Rd7 Qf6 30. Rxc7 gxf3 31. Bxf3 Re7 32. Rdd7 Qf7 33. Qxf7 Rfxf7 34. Rxe7 Rxe7 35. Rxe7 Nxe7 36. Bxh5 Kh6 37. Bg4 Kg5 38. Kf1 Kh4 39. Ke2 Bf6 40. Kf3 Bg7 41. Bc1 Ng6 42. g3+ Kg5 43. h4+ Kf6 44. h5 1-0

[Event "Czech Open-E Teams 2022"]
[Site "Pardubice"]
[Date "2022.07.14"]
[Round "1.8"]
[White "Petrun, Milan"]
[Black "Kusa, Jakub"]
[Result "0-1"]
[ECO "B32"]
[WhiteElo "1887"]
[BlackElo "2353"]
[Annotator "ChessBase"]
[PlyCount "62"]
[EventDate "2022.07.14"]
[EventType "team-tourn"]
[EventCountry "CZE"]
[SourceTitle "playchess.com"]
[Source "ChessBase"]
[SourceQuality "1"]
[TimeControl "5400+30"]

1. e4 c5 2. Nf3 Nc6 3. d4 cxd4 4. Nxd4 e5 5. Nb5 d6 6. N1c3 a6 7. Na3 b5 8. Nd5 Nge7 9. c3 Nxd5 10. Qxd5 Bb7 11. Qd3 Be7 12. Qg3 O-O 13. Bd3 f5 14. exf5 d5 15. f6 Bxf6 16. Bf5 Bh4 17. Qh3 Bc8 18. Be6+ Kh8 19. Be3 d4 20. O-O-O Qf6 21. Bxc8 Raxc8 22. Bd2 dxc3 23. bxc3 b4 24. Nc2 bxc3 25. Be3 Qf7 26. Rd7 Qxa2 27. Kd1 Qb1+ 28. Bc1 Rcd8 29. Re1 Rxd7+ 30. Qxd7 Nd4 31. Qa4 Nxc2 0-1

[Event "Czech Open-E Teams 2022"]
[Site "Pardubice"]
[Date "2022.07.14"]
[Round "1.9"]
[White "Ret, Adam Josef"]
[Black "Cerveny, Martin"]
[Result "0-1"]
[ECO "E11"]
[WhiteElo "2023"]
[BlackElo "2396"]
[Annotator "ChessBase"]
[PlyCount "124"]
[EventDate "2022.07.14"]
[EventType "team-tourn"]
[EventCountry "CZE"]
[SourceTitle "playchess.com"]
[Source "ChessBase"]
[SourceQuality "1"]
[TimeControl "5400+30"]

1. d4 Nf6 2. Nf3 e6 3. c4 Bb4+ 4. Bd2 a5 5. Nc3 d5 6. e3 O-O 7. Bd3 c5 8. a3 Bxc3 9. Bxc3 cxd4 10. Bxd4 Nc6 11. Bc3 dxc4 12. Bxc4 Qe7 13. Ne5 Rd8 14. Qe2 Bd7 15. Nxd7 Rxd7 16. Qf3 Qc5 17. Be2 Nd5 18. Rc1 Nxc3 19. Rxc3 Qb6 20. b3 a4 21. e4 Nd4 22. Qe3 axb3 23. O-O b2 24. Rb1 Rad8 25. Bf1 h6 26. f3 e5 27. Qf2 Qa5 28. Qxb2 Ne6 29. Qb4 Qa7+ 30. Qb6 Qxb6+ 31. Rxb6 Rd1 32. Rb2 Ra1 33. Kf2 Rdd1 34. Bc4 Nf4 35. Kg3 Rdc1 36. Rxc1 Rxc1 37. Bd5 b6 38. a4 Rg1 39. Bc4 g6 40. h3 Ra1 41. Bb5 Kg7 42. Rd2 h5 43. h4 Rc1 44. Kf2 Rb1 45. Bd7 Rb3 46. Bb5 Rb4 47. Bd7 Rb3 48. Bb5 Ra3 49. g3 Ne6 50. Rb2 Nd4 51. Be2 Rxa4 52. Bd1 Ra1 53. Be2 Ra3 54. Bd1 b5 55. Be2 b4 56. f4 Kf6 57. Bc4 exf4 58. gxf4 Rf3+ 59. Kg2 Rxf4 60. Rxb4 Rxe4 61. Bd5 Rg4+ 62. Kh3 Nf5 0-1

[Event "Czech Open-E Teams 2022"]
[Site "Pardubice"]
[Date "2022.07.14"]
[Round "1.10"]
[White "Szotkowski, Jakub"]
[Black "Kraus, Ondrej"]
[Result "0-1"]
[ECO "A40"]
[WhiteElo "2344"]
[BlackElo "1993"]
[Annotator "ChessBase"]
[PlyCount "128"]
[EventDate "2022.07.14"]
[EventType "team-tourn"]
[EventCountry "CZE"]
[SourceTitle "playchess.com"]
[Source "ChessBase"]
[SourceQuality "1"]
[TimeControl "5400+30"]

1. d4 e6 2. c4 d6 3. Nc3 Nf6 4. g3 Nc6 5. Bg2 g6 6. Nf3 Bg7 7. O-O O-O 8. b3 e5 9. dxe5 Ng4 10. Bb2 Ngxe5 11. Nxe5 Nxe5 12. Qd2 Rb8 13. Rad1 Be6 14. h3 a6 15. f4 Nc6 16. Kh2 Ne7 17. Ne4 f6 18. Qe3 Nf5 19. Qc3 Qe7 20. Nf2 b5 21. e4 Nh6 22. c5 dxc5 23. Nd3 c4 24. bxc4 b4 25. Qc1 c5 26. Rfe1 Nf7 27. e5 f5 28. Bd5 Nd8 29. Qe3 Bxd5 30. cxd5 c4 31. Nc5 c3 32. Bc1 Qa7 33. e6 Re8 34. d6 Rb5 35. e7 Qxc5 36. Qxc5 Rxc5 37. d7 Rxe7 38. Rxe7 Bf6 39. Re8+ Kf7 40. Rd6 Be7 41. Rd3 Ra5 42. a3 bxa3 43. Rxc3 a2 44. Bb2 Rb5 45. Ba1 Rb1 46. Re3 Rxa1 47. R3xe7+ Kf6 48. Re6+ Nxe6 49. Rxe6+ Kxe6 50. d8=Q Rh1+ 51. Kxh1 a1=Q+ 52. Kg2 Qa2+ 53. Kg1 Qb1+ 54. Kf2 Qc2+ 55. Ke3 Qc5+ 56. Ke2 Qc4+ 57. Ke3 Qb3+ 58. Kf2 Qb7 59. Ke3 Qe7 60. Qb6+ Kd5+ 61. Kd2 Qd6 62. Qb7+ Kc4+ 63. Ke3 Qd4+ 64. Ke2 Qe4+ 0-1

[Event "Czech Open-E Teams 2022"]
[Site "Pardubice"]
[Date "2022.07.14"]
[Round "1.11"]
[White "Novotny, Josef"]
[Black "Chytilek, Roman"]
[Result "0-1"]
[ECO "E11"]
[WhiteElo "2033"]
[BlackElo "2317"]
[Annotator "ChessBase"]
[PlyCount "64"]
[EventDate "2022.07.14"]
[EventType "team-tourn"]
[EventCountry "CZE"]
[SourceTitle "playchess.com"]
[Source "ChessBase"]
[SourceQuality "1"]
[TimeControl "5400+30"]

1. d4 Nf6 2. Nf3 e6 3. c4 Bb4+ 4. Bd2 a5 5. a3 Bxd2+ 6. Nbxd2 a4 7. e4 d6 8. Bd3 O-O 9. O-O e5 10. h3 Nc6 11. dxe5 Nxe5 12. Nxe5 dxe5 13. Bc2 Qd4 14. Rb1 Be6 15. Qe2 Rfd8 16. Rfd1 Qc5 17. Rdc1 g6 18. Kh2 Kg7 19. f3 Ng8 20. Bd1 Ne7 21. Nf1 Nc6 22. Qe3 Nd4 23. Qc3 Rd7 24. Ne3 c6 25. Qb4 Nxf3+ 26. Bxf3 Qxe3 27. Rd1 Rad8 28. Qxa4 Rd2 29. Rf1 Qf4+ 30. Kg1 Bxh3 31. Rbd1 Qg3 32. Rxd2 Rxd2 0-1

[Event "Czech Open-E Teams 2022"]
[Site "Pardubice"]
[Date "2022.07.14"]
[Round "1.12"]
[White "Vyskocil, Neklan"]
[Black "Krasa, Marek"]
[Result "1-0"]
[ECO "B19"]
[WhiteElo "2286"]
[BlackElo "1624"]
[Annotator "ChessBase"]
[PlyCount "55"]
[EventDate "2022.07.14"]
[EventType "team-tourn"]
[EventCountry "CZE"]
[SourceTitle "playchess.com"]
[Source "ChessBase"]
[SourceQuality "1"]
[TimeControl "5400+30"]

1. e4 c6 2. d4 d5 3. Nc3 dxe4 4. Nxe4 Bf5 5. Ng3 Bg6 6. h4 h6 7. Nf3 Nd7 8. h5 Bh7 9. Bd3 Bxd3 10. Qxd3 e6 11. Bd2 Qc7 12. O-O-O O-O-O 13. Ne4 Ngf6 14. Nxf6 Nxf6 15. g3 Bd6 16. c4 c5 17. Bc3 cxd4 18. Nxd4 Bc5 19. Qe2 Bxd4 20. Bxd4 Qa5 21. Kb1 Qf5+ 22. Ka1 Qa5 23. g4 Kb8 24. Rd3 Qg5 25. f3 b6 26. Rg1 Kb7 27. Be5 Nxh5 28. Qe4+ 1-0

[Event "Czech Open-E Teams 2022"]
[Site "Pardubice"]
[Date "2022.07.14"]
[Round "1.13"]
[White "Stalmach, Richard"]
[Black "Kotva, Milan"]
[Result "1-0"]
[ECO "A21"]
[WhiteElo "2363"]
[BlackElo "1833"]
[Annotator "ChessBase"]
[PlyCount "71"]
[EventDate "2022.07.14"]
[EventType "team-tourn"]
[EventCountry "CZE"]
[SourceTitle "playchess.com"]
[Source "ChessBase"]
[SourceQuality "1"]
[TimeControl "5400+30"]

1. d4 d5 2. c4 c6 3. Nc3 e5 4. dxe5 d4 5. Ne4 Qa5+ 6. Nd2 f6 7. exf6 Nxf6 8. Ngf3 c5 9. g3 Nc6 10. Bg2 Bd6 11. O-O O-O 12. a3 Bg4 13. h3 Bh5 14. b4 Qc7 15. bxc5 Bxc5 16. Nb3 b6 17. Bf4 Qd7 18. Nxc5 bxc5 19. Rb1 Rae8 20. Rb3 Bf7 21. Qb1 Re7 22. Rc1 Rfe8 23. e3 Bg6 24. Qb2 h6 25. Rb5 Nh5 26. Rxc5 Nxf4 27. exf4 Be4 28. Ne5 Nxe5 29. fxe5 Rxe5 30. Rxe5 Rxe5 31. Rd1 Bxg2 32. Kxg2 Qc6+ 33. Kh2 Qe8 34. Qxd4 Re2 35. Qxa7 Qf7 36. Rd8+ 1-0

[Event "Czech Open-E Teams 2022"]
[Site "Pardubice"]
[Date "2022.07.14"]
[Round "1.14"]
[White "Martin Rueda, Daniel"]
[Black "Mica, Marek"]
[Result "1/2-1/2"]
[ECO "B15"]
[WhiteElo "2262"]
[BlackElo "2304"]
[Annotator "ChessBase"]
[PlyCount "95"]
[EventDate "2022.07.14"]
[EventType "team-tourn"]
[EventCountry "CZE"]
[SourceTitle "playchess.com"]
[Source "ChessBase"]
[SourceQuality "1"]
[TimeControl "5400+30"]

1. e4 c6 2. d4 d5 3. Nc3 dxe4 4. Nxe4 Nf6 5. Nxf6+ exf6 6. Nf3 Bd6 7. Be2 O-O 8. O-O Re8 9. Be3 Bg4 10. Qd2 Nd7 11. Rfe1 Qc7 12. h3 Bh5 13. c4 Rad8 14. Rad1 Nf8 15. Nh4 Bg6 16. Bg4 Be4 17. Bf5 g6 18. Bxe4 Rxe4 19. Nf3 f5 20. Qc2 Bb4 21. Rf1 Qe7 22. a3 Bd6 23. Bd2 Ne6 24. Rfe1 Rxe1+ 25. Rxe1 Bb8 26. Bc3 Qd6 27. g3 h5 28. Qd2 Qf8 29. d5 f4 30. Qd3 Ng7 31. g4 b5 32. b3 bxc4 33. bxc4 cxd5 34. cxd5 hxg4 35. hxg4 Qc5 36. Rd1 Bd6 37. a4 Re8 38. Ng5 Be5 39. Ne4 Qc8 40. Bxe5 Rxe5 41. f3 f5 42. Nf6+ Kf7 43. g5 Re3 44. Qd4 Qc2 45. Qxa7+ Re7 46. Qd4 Re2 47. Qa7+ Re7 48. Qd4 1/2-1/2

[Event "Czech Open-E Teams 2022"]
[Site "Pardubice"]
[Date "2022.07.14"]
[Round "1.15"]
[White "Frank, Adam"]
[Black "Jirsa, Lukas"]
[Result "1-0"]
[ECO "B42"]
[WhiteElo "2313"]
[BlackElo "2002"]
[Annotator "ChessBase"]
[PlyCount "65"]
[EventDate "2022.07.14"]
[EventType "team-tourn"]
[EventCountry "CZE"]
[SourceTitle "playchess.com"]
[Source "ChessBase"]
[SourceQuality "1"]
[TimeControl "5400+30"]

1. e4 c5 2. Nf3 e6 3. d4 cxd4 4. Nxd4 a6 5. Bd3 Qc7 6. O-O Nf6 7. Qe2 d6 8. Nc3 Be7 9. Be3 O-O 10. f4 Nbd7 11. Rae1 b5 12. a3 Bb7 13. Kh1 Nc5 14. Bg1 d5 15. e5 Nfe4 16. Bxe4 Nxe4 17. Nxe4 dxe4 18. c3 Rad8 19. Qg4 Rfe8 20. Re3 Bf8 21. Bf2 Kh8 22. Bh4 Rd7 23. Rg3 g6 24. Bf6+ Kg8 25. Rh3 Bg7 26. f5 Rxd4 27. Qh4 h5 28. fxg6 fxg6 29. cxd4 Qc4 30. Re1 Bh6 31. Rg3 Kh7 32. Rc3 Qd5 33. Rc7+ 1-0

[Event "Czech Open-E Teams 2022"]
[Site "Pardubice"]
[Date "2022.07.14"]
[Round "1.16"]
[White "Svab, Jiri"]
[Black "Gnojek, Petr"]
[Result "0-1"]
[ECO "B23"]
[WhiteElo "1834"]
[BlackElo "2295"]
[Annotator "ChessBase"]
[PlyCount "48"]
[EventDate "2022.07.14"]
[EventType "team-tourn"]
[EventCountry "CZE"]
[SourceTitle "playchess.com"]
[Source "ChessBase"]
[SourceQuality "1"]
[TimeControl "5400+30"]

1. e4 c5 2. Nc3 e6 3. g3 Nc6 4. Bg2 g6 5. d3 Bg7 6. Be3 Nd4 7. Nge2 Ne7 8. O-O O-O 9. Rb1 Nec6 10. Qd2 d6 11. a3 a5 12. Nf4 a4 13. h4 h5 14. Nh3 Bd7 15. Ne2 e5 16. Nxd4 Nxd4 17. Bh6 Bxh3 18. Bxg7 Kxg7 19. f4 Bxg2 20. Kxg2 f5 21. fxe5 dxe5 22. c3 Ne6 23. exf5 Rxf5 24. Qe3 Qd5+ 0-1

[Event "Czech Open-E Teams 2022"]
[Site "Pardubice"]
[Date "2022.07.14"]
[Round "1.17"]
[White "Vermirovsky, Vlastimil"]
[Black "Svoboda, Vaclav"]
[Result "0-1"]
[ECO "B48"]
[WhiteElo "2033"]
[BlackElo "2397"]
[Annotator "ChessBase"]
[PlyCount "44"]
[EventDate "2022.07.14"]
[EventType "team-tourn"]
[EventCountry "CZE"]
[SourceTitle "playchess.com"]
[Source "ChessBase"]
[SourceQuality "1"]
[TimeControl "5400+30"]

1. e4 c5 2. Nf3 Nc6 3. d4 cxd4 4. Nxd4 Qc7 5. Nc3 e6 6. Be3 a6 7. Qd2 Nf6 8. O-O-O Bb4 9. f3 Ne5 10. Nb3 b5 11. Bd4 Bb7 12. Kb1 Be7 13. Qe1 Rc8 14. Qf2 O-O 15. g4 b4 16. Bb6 Qb8 17. g5 Nfg4 18. fxg4 bxc3 19. Bg2 cxb2 20. h4 Nc4 21. Ba7 Qc7 22. Qd4 Na3+ 0-1

[Event "Czech Open-E Teams 2022"]
[Site "Pardubice"]
[Date "2022.07.14"]
[Round "1.18"]
[White "Vyprachticky, David"]
[Black "Zemlicka, Vit"]
[Result "1/2-1/2"]
[ECO "C55"]
[WhiteElo "2302"]
[BlackElo "1937"]
[Annotator "ChessBase"]
[PlyCount "101"]
[EventDate "2022.07.14"]
[EventType "team-tourn"]
[EventCountry "CZE"]
[SourceTitle "playchess.com"]
[Source "ChessBase"]
[SourceQuality "1"]
[TimeControl "5400+30"]

1. e4 e5 2. Nf3 Nc6 3. Bc4 Nf6 4. d3 h6 5. O-O d6 6. a4 g6 7. a5 a6 8. c3 Bg7 9. Re1 O-O 10. h3 g5 11. Nbd2 Ne7 12. d4 Ng6 13. dxe5 dxe5 14. Qc2 Nh5 15. Nf1 Qf6 16. Ne3 c6 17. Ng4 Qe7 18. b3 Re8 19. Ba3 Qc7 20. Bc5 Be6 21. Bf1 Nf6 22. Bb6 Qb8 23. Nxf6+ Bxf6 24. Nd2 Bd8 25. Be3 Bc7 26. Nc4 Qd8 27. Nb6 Rb8 28. Bc4 Qe7 29. Bxe6 Qxe6 30. Na4 Qe7 31. b4 Rbd8 32. g3 Nf8 33. Kg2 Ne6 34. Rh1 Kg7 35. Qe2 Qf6 36. h4 Rh8 37. hxg5 hxg5 38. Qg4 Rxh1 39. Rxh1 Rh8 40. Rxh8 Kxh8 41. Qf5 Kg7 42. Qxf6+ Kxf6 43. Kf3 Kg6 44. Kg4 f6 45. Nb2 c5 46. Nd3 cxb4 47. cxb4 Bd6 48. Bc5 Bc7 49. Be3 Bd6 50. Bc5 Bc7 51. Be3 1/2-1/2

[Event "Czech Open-E Teams 2022"]
[Site "Pardubice"]
[Date "2022.07.14"]
[Round "1.19"]
[White "Kahanek, Martin"]
[Black "Oresky, Jan"]
[Result "0-1"]
[ECO "A48"]
[WhiteElo "1856"]
[BlackElo "2274"]
[Annotator "ChessBase"]
[PlyCount "72"]
[EventDate "2022.07.14"]
[EventType "team-tourn"]
[EventCountry "CZE"]
[SourceTitle "playchess.com"]
[Source "ChessBase"]
[SourceQuality "1"]
[TimeControl "5400+30"]

1. d4 Nf6 2. Nf3 g6 3. Bf4 Bg7 4. h3 O-O 5. e3 b6 6. Be2 Bb7 7. O-O Ne4 8. Nbd2 f5 9. c4 c5 10. a3 h6 11. Qc2 d6 12. Rad1 Nd7 13. d5 Nxd2 14. Rxd2 g5 15. Bh2 Qe8 16. Bd3 Qf7 17. Re2 e5 18. dxe6 Qxe6 19. Nd2 Ne5 20. b3 Rad8 21. e4 f4 22. f3 Nc6 23. Ree1 Bd4+ 24. Kh1 Be5 25. Be2 h5 26. Qd3 Qh6 27. Bd1 Rd7 28. Nb1 Rg7 29. Nc3 Bd4 30. Nd5 Ne5 31. Qd2 Bc8 32. Bg1 Bxg1 33. Rxg1 g4 34. Kh2 Qg5 35. Ref1 g3+ 36. Kh1 Qh4 0-1

[Event "Czech Open-E Teams 2022"]
[Site "Pardubice"]
[Date "2022.07.14"]
[Round "1.20"]
[White "Vedral, Oldrich"]
[Black "Kovalsky, David"]
[Result "1-0"]
[ECO "B34"]
[WhiteElo "2268"]
[BlackElo "1831"]
[Annotator "ChessBase"]
[PlyCount "61"]
[EventDate "2022.07.14"]
[EventType "team-tourn"]
[EventCountry "CZE"]
[SourceTitle "playchess.com"]
[Source "ChessBase"]
[SourceQuality "1"]
[TimeControl "5400+30"]

1. e4 c5 2. Nf3 Nc6 3. d4 cxd4 4. Nxd4 Nf6 5. Nc3 e5 6. Ndb5 d6 7. Nd5 Nxd5 8. exd5 Nb8 9. c4 a6 10. Nc3 Be7 11. Be2 Nd7 12. O-O O-O 13. Be3 f5 14. f3 f4 15. Bf2 Qe8 16. b4 Qh5 17. Ne4 Nf6 18. Re1 g5 19. h3 Qg6 20. Nxf6+ Rxf6 21. c5 Bd7 22. Rc1 Qe8 23. Bd3 h5 24. c6 bxc6 25. dxc6 Be6 26. Bc4 Qf7 27. Bxe6 Qxe6 28. c7 Rff8 29. Rc6 Qxa2 30. Qd3 Kg7 31. Rxe5 1-0

[Event "Czech Open-E Teams 2022"]
[Site "Pardubice"]
[Date "2022.07.14"]
[Round "1.21"]
[White "Vojta, Jakub"]
[Black "Goroshkov, Maksym"]
[Result "0-1"]
[ECO "A15"]
[WhiteElo "2326"]
[BlackElo "2240"]
[Annotator "ChessBase"]
[PlyCount "72"]
[EventDate "2022.07.14"]
[EventType "team-tourn"]
[EventCountry "CZE"]
[SourceTitle "playchess.com"]
[Source "ChessBase"]
[SourceQuality "1"]
[TimeControl "5400+30"]

1. c4 Nf6 2. g3 g6 3. Bg2 Bg7 4. Nc3 O-O 5. e4 d6 6. Nge2 c5 7. O-O Nc6 8. d3 Bd7 9. f4 Qc8 10. Nd5 Bh3 11. Rb1 Bxg2 12. Kxg2 e6 13. Nxf6+ Bxf6 14. Be3 b6 15. Qd2 Bg7 16. f5 exf5 17. exf5 Qb7 18. f6 Ne5+ 19. Kg1 Rfe8 20. Nc3 Nf3+ 21. Rxf3 Qxf3 22. Nd5 Rxe3 23. Qxe3 Qxe3+ 24. Nxe3 Bxf6 25. Nd5 Bd4+ 26. Kg2 Re8 27. Kf3 f5 28. h3 Kf7 29. a4 g5 30. g4 Kg6 31. gxf5+ Kxf5 32. b4 cxb4 33. Rxb4 h5 34. a5 g4+ 35. hxg4+ hxg4+ 36. Kg3 Re2 0-1

[Event "Czech Open-E Teams 2022"]
[Site "Pardubice"]
[Date "2022.07.14"]
[Round "1.22"]
[White "Kovalskyi, Roman"]
[Black "Virostko, Petr"]
[Result "0-1"]
[ECO "B40"]
[WhiteElo "2056"]
[BlackElo "2326"]
[Annotator "ChessBase"]
[PlyCount "114"]
[EventDate "2022.07.14"]
[EventType "team-tourn"]
[EventCountry "CZE"]
[SourceTitle "playchess.com"]
[Source "ChessBase"]
[SourceQuality "1"]
[TimeControl "5400+30"]

1. e4 c5 2. Nf3 e6 3. g3 Nc6 4. d3 d5 5. Bg2 dxe4 6. dxe4 Qxd1+ 7. Kxd1 b6 8. Re1 Ba6 9. b3 Nf6 10. h3 Rd8+ 11. Nfd2 c4 12. e5 Nd5 13. bxc4 Bxc4 14. Ba3 b5 15. Bxf8 Kxf8 16. Bxd5 Bxd5 17. Nc3 a6 18. Kc1 Ke7 19. f4 Bg2 20. h4 Nd4 21. Kb2 Rc8 22. Rac1 f5 23. Nb3 Rhd8 24. Red1 Nc6 25. Nc5 Nb8 26. Rxd8 Rxd8 27. Rd1 b4 28. Rxd8 bxc3+ 29. Kxc3 Kxd8 30. Nxe6+ Ke7 31. Nxg7 Be4 32. Nh5 Nd7 33. g4 Bf3 34. Ng3 Bxg4 35. Kb4 Nf8 36. Ka5 Ng6 37. Kxa6 Nxf4 38. c4 Nd3 39. Kb6 Nxe5 40. c5 f4 41. Ne4 Bf3 42. Nf2 Bc6 43. Kc7 h5 44. a3 f3 45. Nh3 Ba4 46. Kb6 Nc4+ 47. Kb7 Nxa3 48. c6 Nc4 49. c7 Nd6+ 50. Kb6 Bd7 51. Nf2 Ke6 52. Kc5 Nf5 53. Nd3 Nxh4 54. Nf4+ Ke5 55. Nxh5 Nf5 56. Kb6 f2 57. Kb7 f1=Q 0-1

[Event "Czech Open-E Teams 2022"]
[Site "Pardubice"]
[Date "2022.07.14"]
[Round "1.23"]
[White "Nytra, Ondrej"]
[Black "Garsky, Vladyslav"]
[Result "0-1"]
[ECO "B12"]
[WhiteElo "2214"]
[BlackElo "1884"]
[Annotator "ChessBase"]
[PlyCount "62"]
[EventDate "2022.07.14"]
[EventType "team-tourn"]
[EventCountry "CZE"]
[SourceTitle "playchess.com"]
[Source "ChessBase"]
[SourceQuality "1"]
[TimeControl "5400+30"]

1. e4 c6 2. d4 d5 3. e5 Bf5 4. h4 h5 5. c4 e6 6. Nc3 Nd7 7. cxd5 cxd5 8. Bg5 f6 9. exf6 gxf6 10. Bf4 Qb6 11. Be2 Qxb2 12. Bxh5+ Kd8 13. Na4 Bb4+ 14. Kf1 Qc2 15. Rc1 Bd3+ 16. Be2 Qxd1+ 17. Rxd1 Bc2 18. Rh3 Bxa4 19. Rb1 Ba5 20. Ra3 b5 21. Bxb5 Bxb5+ 22. Rxb5 Bb6 23. Nf3 Rc8 24. g4 Ne7 25. Kg2 Rc2 26. Bg3 Ke8 27. h5 Re2 28. Kh3 f5 29. Ne5 fxg4+ 30. Kxg4 Re4+ 31. Kf3 Nxe5+ 0-1